 Dungeon Crawl Stone Soup version 0.25-a0-341-g6f074c887a (webtiles) character file.

Game seed: 40209269241907217, levelgen mode: classic

1750 Borgoz the Cudgeler (level 9, 0/55 HPs)
             Began as a Gargoyle Gladiator on Dec 30, 2019.
             Was an Initiate of Ashenzari.
             Slain by a two-headed ogre
             ... wielding a +0 dire flail
              (3 damage)
             ... on level 7 of the Dungeon.
             The game lasted 00:07:50 (6190 turns).

Borgoz the Cudgeler (Gargoyle Gladiator)            Turns: 6190, Time: 00:07:51

Health: 0/55       AC: 15    Str: 18    XL:     9   Next: 6%
Magic:  9/9        EV: 12    Int:  9    God:    Ashenzari [......]
Gold:   423        SH:  0    Dex: 14    Spells: 8/8 levels left

rFire    . . .     SeeInvis .   a - +0 flail
rCold    . . .     Gourm    .   (no shield)
rNeg     + . .     Faith    .   l - +0 scale mail
rPois    ∞         Spirit   .   c - +0 helmet
rElec    +         Reflect  .   (no cloak)
rCorr    .         Harm     .   (no gloves)
MR       .....                  (no boots)
Stlth    ..........             (no amulet)
HPRegen  0.18/turn              (no ring)
MPRegen  0.11/turn              (no ring)

@: no status effects
A: negative energy resistance 1, electricity resistance, unbreathing,
petrification resistance, rot immunity, AC +6
a: Curse Item, Renounce Religion


You were on level 7 of the Dungeon.
You worshipped Ashenzari.
Ashenzari was noncommittal.
You were not hungry.

You visited 2 branches of the dungeon, and saw 9 of its levels.

You collected 423 gold pieces.

Inventory:

Hand Weapons
 a - a +0 flail (weapon)
Armour
 c - a +0 helmet (worn)
 l - a +0 scale mail (worn)
Jewellery
 g - an uncursed amulet of the acrobat
 w - an uncursed ring of ice
Wands
 s - a wand of enslavement (10)
 u - a wand of polymorph (9)
Scrolls
 b - 2 scrolls of remove curse
 e - a scroll of teleportation
 h - a scroll of amnesia {unknown}
 i - 3 scrolls of noise {unknown}
 j - 9 scrolls of identify {unknown}
 m - a scroll of fog {unknown}
 n - a scroll of immolation {unknown}
 p - 3 scrolls of random uselessness {unknown}
 t - 2 scrolls of fear {unknown}
Potions
 k - a potion of flight
Comestibles
 d - 5 chunks of flesh
 f - 13 rations


   Skills:
 + Level 5.9 Fighting
 * Level 7.8 Maces & Flails
 - Level 1.7 Throwing
 + Level 5.2 Armour
 + Level 4.8 Dodging


You had 8 spell levels left.
You didn't know any spells.
Your spell library was empty.

Dungeon Overview and Level Annotations

Branches:
Dungeon (8/15)             Temple (1/1) D:6
   Lair: D:8-11

Altars:
Ashenzari
Cheibriados
Dithmenos
Elyvilon
Fedhas
Gozag
Hepliaklqana
Kikubaaqudgha
Makhleb
Nemelex Xobeh
Okawaru
Ru
Sif Muna
Trog
Uskayaw
Vehumet
Wu Jian
Xom
Yredelemnul
The Shining One

Annotations:
D:6 Pikel


Innate Abilities, Weirdness & Mutations

You are resistant to torment.
Your stone body is resilient. (AC +6)
You are immune to poison.
You resist negative energy. (rN+)
You are resistant to electric shocks. (rElec)
You can survive without breathing.
You are immune to petrification.
You are immune to rotting.


Message History

The two-headed ogre hits you with a +0 dire flail!
The two-headed ogre hits you but does no damage.
Evoke which item? (* to show all) (? for menu, Esc to quit)
Okay, then.
You feel better.
The two-headed ogre hits you with a +0 dire flail!
* * * LOW HITPOINT WARNING * * *
The two-headed ogre hits you but does no damage.
You thump the two-headed ogre!
The two-headed ogre is heavily wounded.
The two-headed ogre hits you but does no damage. x2
You sock the two-headed ogre!
The two-headed ogre is severely wounded.
The two-headed ogre barely misses you. x2
You hit the two-headed ogre.
The two-headed ogre is severely wounded.
The two-headed ogre hits you with a +0 dire flail!
* * * LOW HITPOINT WARNING * * *
The two-headed ogre hits you with a +0 dire flail.
You die...

..=. ... .... ###
........##.. .... . .
...........##. ....
#.............. .....
#.......#......
......#.......#......
....................###
#.....##O.....#.......##
#......@......#....>...#
.##...###...##.......##
........#..###........##
.......................#
..........).#...........
.....#.#.##.##..........
. . ###. ##........>...
#..............#.
#.....##........#.


You could see a two-headed ogre.

Vanquished Creatures
  Duvessa (D:6)
  3 sky beasts
  A slave (D:5)
  2 ice beasts
  2 black bears
  2 ogres
  2 centaurs
  Dowan (D:6)
  A wyvern skeleton (D:6)
  A hound (D:4)
  A quasit (D:5)
  An orc priest (D:3)
  2 bullfrog skeletons
  5 orc wizards (D:5)
  An iguana (D:6)
  A worker ant (D:6)
  A worker ant zombie (D:5)
  6 gnolls
  8 adders
  An ooze (D:1)
  An adder skeleton (D:4)
  3 worms
  A dart slug (D:1)
  A leopard gecko (D:1)
  16 orcs
  6 giant cockroaches
  7 goblins
  9 hobgoblins
  2 jackals (D:6)
  8 kobolds
  A quokka (D:3)
  4 ball pythons
  6 bats
  2 frilled lizards
  A quokka skeleton (D:4)
  5 rats
116 creatures vanquished.

Vanquished Creatures (others)
  An orc (D:3)
1 creature vanquished.

Grand Total: 117 creatures vanquished

Notes
Turn   | Place    | Note
-------+----------+-------------------------------------------
     0 | D:1      | Borgoz the Gargoyle Gladiator began the quest for the Orb.
     0 | D:1      | Reached XP level 1. HP: 12/12 MP: 1/1
   331 | D:1      | Reached XP level 2. HP: 17/18 MP: 2/2
   589 | D:1      | Reached skill level 1 in Armour
   658 | D:1      | Reached XP level 3. HP: 22/22 MP: 3/3
  1413 | D:2      | Reached XP level 4. HP: 26/27 MP: 4/4
  1941 | D:3      | Reached skill level 4 in Maces & Flails
  1972 | D:3      | Found a faded altar of an unknown god.
  2168 | D:3      | Reached XP level 5. HP: 3/32 MP: 5/5
  2954 | D:4      | Noticed an ogre
  2959 | D:4      | Killed an ogre
  2959 | D:4      | Reached XP level 6. HP: 37/37 MP: 6/6
  2976 | D:4      | Found a snail-covered altar of Cheibriados.
  3088 | D:4      | Reached skill level 5 in Maces & Flails
  3390 | D:4      | Found a white marble altar of Elyvilon.
  3706 | D:5      | Entered Level 5 of the Dungeon
  3736 | D:5      | Noticed an ice beast
  3750 | D:5      | Killed an ice beast
  3758 | D:5      | Noticed a sky beast
  3780 | D:5      | Killed a sky beast
  3780 | D:5      | Reached XP level 7. HP: 16/43 MP: 7/7
  4262 | D:5      | Reached skill level 6 in Maces & Flails
  4568 | D:5      | Reached XP level 8. HP: 48/48 MP: 8/8
  4598 | D:5      | Found a shattered altar of Ashenzari.
  4686 | D:5      | Became a worshipper of Ashenzari the Shackled
  4844 | D:5      | Reached skill level 5 in Fighting
  4994 | D:6      | Found an iron altar of Okawaru.
  5132 | D:6      | Noticed Pikel
  5200 | D:6      | Found a staircase to the Ecumenical Temple.
  5227 | D:6      | Reached skill level 7 in Maces & Flails
  5241 | Temple   | Entered the Ecumenical Temple
  5468 | D:6      | Noticed Duvessa
  5482 | D:6      | Noticed Dowan
  5488 | D:6      | Killed Duvessa
  5508 | D:6      | Killed Dowan
  5794 | D:7      | Noticed a two-headed ogre
  6014 | D:7      | Reached skill level 5 in Armour
  6126 | D:7      | Reached XP level 9. HP: 29/55 MP: 9/9
  6190 | D:7      | Slain by a two-headed ogre

Levels and vault maps discovered:
D:1:      evilmike_arrival_grusome_pit, layout_basic
D:2:      layout_basic
D:3:      layout_basic, chequers_ecumenical_altar_island, minmay_quadrilaterals
D:4:      layout_rooms, lemuel_coloured_pillars_altar, cheibriados_altar_1
D:5:      layout_cave_pools, kennysheep_mini_moat, first_ration
D:6:      layout_rooms, minmay_temple_entry_sparse_star, minivault_11,
          okawaru_metal_pillars_3, uniq_duvessa, uniq_pikel
D:7:      layout_cave_pools
D:8:      layout_loops_ring, zin_scriptorium, overflow_temple_1_default,
          nicolae_overflow_crystal_walls, uniq_harold
Temple:   eino_temple_scatter_basement

Skill      XL: |  1  2  3  4  5  6  7  8 |
---------------+-------------------------+-----
Armour         | 1 2 3 5 |  5.2
Fighting       | 3 4 5 |  5.9
Maces & Flails | 4 5 6 7 |  7.8
Dodging        | 3 4 |  4.8
Throwing       | |  1.7

Action                   |  1- 3 |  4- 6 |  7- 9 || total
-------------------------+-------+-------+-------++-------
Melee: Flail             |   104 |   224 |   266 ||   594
Throw: Throwing net      |       |     2 |     5 ||     7
  Use: Potion            |       |     4 |     5 ||     9
       Scroll            |       |     1 |     1 ||     2
 Stab: Sleeping          |     1 |       |       ||     1
       Invisible         |       |     5 |       ||     5
       Held in net/web   |       |     1 |     1 ||     2
  Eat: Chunk             |     2 |     7 |     9 ||    18
Armor: Leather armour    |    31 |       |       ||    31
       Ring mail         |    10 |    44 |       ||    54
       Skin              |       |    22 |    26 ||    48
       Scale mail        |       |    73 |   179 ||   252
Dodge: Dodged            |    81 |   212 |   205 ||   498

Table legend:
 A = Non-vault XP
 B = Vault XP
 C = Vault XP percentage of total XP
 D = Non-vault monster count
 E = Vault monster count
 F = Vault count percentage of total count
                 A         B        C        D         E       F
            +---------+---------+-------+---------+---------+-------
      Total |    2273 |     227 |   9.1 |     108 |       8 |   6.9
            +---------+---------+-------+---------+---------+-------
        D:1 |      40 |       0 |   0.0 |      19 |       0 |   0.0
        D:2 |      49 |       0 |   0.0 |      14 |       0 |   0.0
        D:3 |     149 |       9 |   5.7 |      26 |       6 |  18.8
        D:4 |     224 |       0 |   0.0 |       8 |       0 |   0.0
        D:5 |    1064 |       0 |   0.0 |      23 |       0 |   0.0
        D:6 |     318 |     218 |  40.7 |      13 |       2 |  13.3
        D:7 |     429 |       0 |   0.0 |       5 |       0 |   0.0
            +---------+---------+-------+---------+---------+-------
